 Seeded DCSS version 0.30.1-4-g462c640d31 (webtiles) character file.

Game seed: 16653573533833982129 (custom seed)

4 Psyclone the Stinger (level 1, 11/11 HPs)
             Began as an Octopode Venom Mage on Sept 18, 2023.
             Quit the game on level 1 of the Dungeon.
             The game lasted 00:00:56 (158 turns).

Psyclone the Stinger (Octopode Venom Mage)           Turns: 158, Time: 00:00:56

Health: 11/11      AC:  1    Str:  7    XL:     1   Next: 60%
Magic:  2/3        EV: 13    Int: 17    God:
Gold:   0          SH:  0    Dex: 12    Spells: 3/4 levels left

rFire   . . .        (no weapon)
rCold   . . .        (no shield)
rNeg    . . .        (helmet restricted)
rPois   .            (no amulet)
rElec   .            (no ring)
rCorr   .            (no ring)
SInv    .            (no ring)
Will    .....        (no ring)
Stlth   +++          (no ring)
HPRegen 0.21/turn    (no ring)
MPRegen 0.08/turn    (no ring)
                     (no ring)

%: no passive effects
@: no status effects
A: almost no armour, amphibious, 8 rings, camouflage 1, gelatinous body 1,
(nimble swimmer 1), tentacles
a: no special abilities


You were on level 1 of the Dungeon.
You visited 1 branch of the dungeon, and saw 1 of its levels.

Inventory:

Scrolls
 b - a scroll of amnesia {unknown}
 d - a scroll of butterflies {unknown}
 e - a scroll of identify {unknown}
 g - a scroll of acquirement
Potions
 a - a potion of magic
 c - a potion of ambrosia {unknown}
 f - a potion of might {unknown}


   Skills:
 - Level 2.0 Dodging
 - Level 2.6 Stealth
 - Level 2.0 Spellcasting
 - Level 1.0 Transmutations
 + Level 4.0 Poison Magic


You had 3 spell levels left.
You knew the following spells:

 Your Spells              Type           Power      Damage    Failure   Level
a - Sting                 Tmut/Pois      40%        1d5       7%          1

Your spell library contained the following spells:

 Spells                   Type           Power      Damage    Failure   Level
 Poisonous Vapours        Pois/Air       16%        N/A       13%         2
 Mephitic Cloud           Conj/Pois/Air  6%         N/A       32%         3
 Olgreb's Toxic Radiance  Pois           15%        N/A       36%         4


Dungeon Overview and Level Annotations

Branches:
Dungeon (1/15) Zot: 5842

Altars:


Innate Abilities, Weirdness & Mutations

You cannot wear most types of armour.
You are amphibious.
You can wear up to eight rings at the same time.
Your skin changes colour to match your surroundings (Stealth+).
Your rubbery body absorbs attacks. (AC +1, EV +1)
((You are camouflaged when in or above water. (Stealth+)))
You have tentacles for arms and can constrict up to eight enemies at once.


Message History

You kill the hobgoblin!
There is a stone staircase leading down here.
A frilled lizard comes into view.
The frilled lizard hisses angrily.
You closely miss the frilled lizard. You grab the frilled lizard.
Your squeeze misses the frilled lizard. You constrict the frilled lizard.
The frilled lizard barely misses you.
You tentacle-slap the frilled lizard.
You kill the frilled lizard!
Found a scroll labelled NAUGYA MENA.
Found an orange potion.
Found a stone staircase leading down.
There is a stone staircase leading down here.
Found a brown potion.
An endoplasm comes into view.
Casting: Sting (safe; 7% risk of failure)
Confirm with . or Enter, or press ? or * to list all spells.
Aiming: Sting (safe; 7% risk of failure)
Press: ? - help, Shift-Dir - straight line, f - endoplasm
Aim: an endoplasm (asleep, 100% to hit)
The sting hits the endoplasm.
The endoplasm partially resists.
The endoplasm is moderately wounded.
The endoplasm quivers.
You now have 2/3 mp.
Casting: Sting (safe; 7% risk of failure)
Confirm with . or Enter, or press ? or * to list all spells.
Aiming: Sting (safe; 7% risk of failure)
Press: ? - help, Shift-Dir - straight line, f/p - endoplasm
Aim: an endoplasm (moderately wounded, 98% to hit)
The sting hits the endoplasm.
The endoplasm is poisoned.
The endoplasm is heavily wounded.
You now have 1/3 mp.
You tentacle-slap the endoplasm. You squeeze the endoplasm.
You kill the endoplasm!
Your Poison Magic skill increases to level 4!
f - a brown potion
Found a scroll labelled MENONA FYMA.
g - a scroll labelled MENONA FYMA This is a scroll of acquirement!
Are you sure you want to abandon this character and quit the game? (Confirm with "yes".)

###########
#.....@...#
####.#######.#
########...........
............#######
####...#.#...#
..............#
####...#......#
##.##.#..#.#
#.##....#.#


There were no monsters in sight!

Vanquished Creatures
  An endoplasm (D:1)
  A hobgoblin (D:1)
  A frilled lizard (D:1)
  A rat (D:1)
4 creatures vanquished.

Notes
Turn   | Place    | Note
-------+----------+-------------------------------------------
     0 | D:1      | Psyclone the Octopode Venom Mage began the quest for the
                  | Orb.
     0 | D:1      | Reached XP level 1. HP: 11/11 MP: 3/3
   147 | D:1      | Reached skill level 4 in Poison Magic
   158 | D:1      | Identified a scroll of acquirement
   158 | D:1      | Quit the game

Illustrated notes

Levels and vault maps discovered:
D:1:      dpeg_arrival_tiny_k, layout_loops_ring, minmay_hexomino_c4

Skill      XL: |  1 |
---------------+----+-----
Poison Magic   | 4 |  4.0
Dodging        | |  2.0
Stealth        | |  2.6
Spellcasting   | |  2.0
Transmutations | |  1.0

Action                     || total
---------------------------++-------
  Melee: Unarmed           ||     9
         Constrict         ||     3
         Tentacles         ||     3
   Cast: Sting             ||     2
  Dodge: Dodged            ||     4
